AoeStats
← bigoteuru

Arena

510213094Analyzed
1v1 RM · 15h ago on Sep 30, 2026· 38m 30s· 2 players
Game mode
Random Map
Map size
Tiny (2 player)
Population
200
Speed
Normal
Resources
Standard
Victory
Conquest
Starting age
Dark Age
Ending age
Imperial Age
RankedLock teamsTeams togetherTeam positionsShared explorationLock speedFull tech treeHidden civsTurbo modeCheats
Victory
Defeat
🇺🇸 Khmer · United States
812
+9
🇺🇸 Teutons · United States
658
-9
bigoteuru
2:32 Loom
10:00 Feudal Age
11:30 Wheelbarrow
11:20 Double-Bit Axe
19:14 Castle Age
21:23 Pikeman
22:16 Horse Collar
23:12 Bow Saw
23:35 Heavy Plow
26:34 Squires
26:20 Arson
26:22 Gambesons
30:19 Imperial Age
35:40 Ballistics
36:27 Conscription
38:04 Chemistry
ElPeregil1588
12:11 Feudal Age
12:35 Horse Collar
12:43 Double-Bit Axe
12:50 Loom
19:28 Castle Age
18:18 Gold Mining
18:22 Stone Mining
19:18 Forging
20:27 Bow Saw
20:13 Light Cavalry
24:02 Husbandry
29:08 Imperial Age
29:38 Wheelbarrow
28:48 Town Watch
29:38 Heavy Plow
31:07 Chemistry
30:33 Heavy Scorpion
31:45 Scale Barding Armor
32:16 Iron Casting
31:40 Murder Holes
32:47 Double Crossbow
33:40 Conscription
33:48 Hand Cart
34:30 Heated Shot
35:36 Ballistics
36:03 Gold Shaft Mining
36:57 Blast Furnace
36:18 Chain Barding Armor
37:35 Siege Engineers
37:07 Hussar
Connection lost

Rejoining the realm…

Still unreachable

The connection could not be restored.

Session expired

The server has moved on; the page needs a fresh start.